 Dungeon Crawl Stone Soup version 0.29.1-15-g9cfb28693d (webtiles) character file.

Game seed: 9732370005366863635

70 AleXD21137 the Ruffian (level 4, -1/40 HPs)
             Began as a Ghoul Monk on Apr 19, 2023.
             Was an Initiate of Yredelemnul.
             Slain by a gnoll
             ... wielding a +0 halberd
              (8 damage)
             ... on level 3 of the Dungeon.
             The game lasted 00:13:11 (2410 turns).

AleXD21137 the Ruffian (Ghoul Monk)                 Turns: 2410, Time: 00:13:14

Health: -1/40      AC:  4    Str: 14    XL:     4   Next: 22%
Magic:  3/3        EV: 12    Int:  7    God:    Yredelemnul [......]
Gold:   121        SH:  0    Dex: 11    Spells: 3/3 levels left

rFire   . . .      SeeInvis .   k - staff of conjuration
rCold   + . .      Faith    .   (no shield)
rNeg    + + +      Spirit   .   a - +1 robe
rPois   ∞          Reflect  .   (no helmet)
rElec   .          Harm     .   (no cloak)
rCorr   .          Rampage  .   (no gloves)
Will    .....                   e - +0 pair of boots
Stlth   ++........              h - amulet of magic regeneration
HPRegen 0.00/turn               (no ring)
MPRegen 0.48/turn               (no ring)

@: inhibited regen
A: claws 1, cold resistance 1, negative energy resistance 3, inhibited
regeneration, torment resistance 2, devour on kill
a: Renounce Religion, Recall Undead Harvest


You were on level 3 of the Dungeon.
You worshipped Yredelemnul.
Yredelemnul was noncommittal.
You visited 1 branch of the dungeon, and saw 3 of its levels.

You collected 121 gold pieces.

Inventory:

Hand Weapons
 c - a +0 hand axe {Sharp}
 d - a +0 dagger
Armour
 a - a +1 robe (worn)
 e - a +0 pair of boots (worn)
 g - a +0 robe
Magical Staves
 k - a staff of conjuration (weapon)
Jewellery
 h - an amulet of magic regeneration (around neck)
Scrolls
 m - a scroll of brand weapon {unknown}
Potions
 b - a potion of degeneration {unknown}
 i - 2 potions of haste {unknown}
 j - a potion of heal wounds {unknown}


   Skills:
 + Level 3.9 Fighting
 + Level 0.2 Staves
 + Level 3.2 Dodging
 + Level 2.5 Stealth
 + Level 4.2 Unarmed Combat


You had 3 spell levels left.
You didn't know any spells.
Your spell library was empty.

Dungeon Overview and Level Annotations

Branches:
Dungeon (3/15)

Altars:
Yredelemnul


Innate Abilities, Weirdness & Mutations

You are immune to poison.
You have sharp fingernails.
Your flesh is cold resistant. (rC+)
You are immune to negative energy. (rN+++)
You do not regenerate when monsters are visible.
You are immune to unholy pain and torment.
You thrive by killing the living.


Message History

The dead are slithering!
A kobold comes into view. It is wielding a +0 short sword.
The kobold shouts!
The kobold hits you with a +0 short sword.
You hit the kobold but do no damage.
The kobold hits you with a +0 short sword.
You barely miss the kobold.
The kobold hits you with a +0 short sword.
You hit the kobold.
You kill the kobold!
You feel better.
The dead are walking!
A gnoll comes into view. It is wielding a +3 whip.
A gnoll comes into view. It is wielding a +0 halberd.
You see here a +0 short sword.
You swap places.
You hit the gnoll but do no damage. You claw the gnoll!
The gnoll is heavily wounded.
The gnoll completely misses you. The gnoll hits you with a +3 whip.
You hit the gnoll.
The gnoll is severely wounded.
The gnoll barely misses you.
The gnoll hits you from afar with a +0 halberd!
You hit the gnoll.
You kill the gnoll!
You feel better.
The gnoll hits you from afar with a +0 halberd.
A hobgoblin comes into view.
The gnoll hits you with a +0 halberd!
* * * LOW HITPOINT WARNING * * *
You see here a +3 whip.
As you read the scroll labelled HEAKLUS HYVVU, it crumbles to dust.
It is a scroll of enchant armour.
Your +0 robe glows green for a moment.
The gnoll closely misses you.
As you read the scroll labelled LELIEDDI QOGYT, it crumbles to dust.
You hear a loud clanging noise!
It was a scroll of noise.
You hear an angry hiss.
You hear a shout! x3
The gnoll hits you with a +0 halberd!
You die...
Yredelemnul claims you as an undead slave.

#.#######...####
#..............#
######.#..#.##.#
#.#..#.##.#
#.#.Z#.##.#
#.#....##.#
#.#..####Z#
#.#..# #Z#
..#..# #@#
........g.#
#.#........
...g..#.###. #.
#..##. .# #. #.
# . #


You could see a gnoll (ally target), a hobgoblin, a friendly ball python zombie
and a friendly kobold zombie.

Vanquished Creatures
  2 gnolls
  A dart slug (D:1)
  4 bats
  3 endoplasms
  A giant cockroach (D:1)
  7 goblins
  2 hobgoblins (D:1)
  4 jackals (D:1)
  5 quokkas
  6 ball pythons
  2 frilled lizards
  3 kobolds
  A rat (D:2)
41 creatures vanquished.

Vanquished Creatures (collateral kills)
  A quokka (D:2)
1 creature vanquished.

Grand Total: 42 creatures vanquished

Notes
Turn   | Place    | Note
-------+----------+-------------------------------------------
     0 | D:1      | AleXD21137 the Ghoul Monk began the quest for the Orb.
     0 | D:1      | Reached XP level 1. HP: 19/19 MP: 0/0
   133 | D:1      | Reached XP level 2. HP: 22/26 MP: 1/1
   369 | D:1      | Reached XP level 3. HP: 30/33 MP: 2/2
   806 | D:1      | Reached skill level 4 in Unarmed Combat
  1390 | D:2      | Found a faded altar of an unknown god.
  1423 | D:2      | Prayed at the altar of an unknown god.
  1423 | D:2      | Became a worshipper of Yredelemnul the Dark
  1423 | D:2      | Reached * piety under Yredelemnul
  1423 | D:2      | Reached ** piety under Yredelemnul
  1772 | D:2      | Reached XP level 4. HP: 32/40 MP: 3/3
  2410 | D:3      | Slain by a gnoll

Illustrated notes

Levels and vault maps discovered:
D:1:      dpeg_arrival_houses_and_road, layout_loops_ring,
          dreamdust_wishing_well
D:2:      wander_river, layout_basic, nicolae_ecumenical_snake_handling
D:3:      layout_loops_ring, mainiacjoe_overflow_catwalk

Skill      XL: |  1  2  3 |
---------------+----------+-----
Dodging        | 3 |  3.2
Unarmed Combat | 4 |  4.2
Fighting       | |  3.9
Staves         | |  0.2
Stealth        | |  2.5

Action                   |  1- 3 |  4- 6 || total
-------------------------+-------+-------++-------
Melee: Unarmed           |    77 |       ||    77
       Punch             |     2 |     1 ||     3
       Staff             |    42 |    11 ||    53
  Use: Potion            |     2 |       ||     2
       Scroll            |       |     2 ||     2
 Stab: Sleeping          |     2 |       ||     2
Armor: Robe              |    29 |     4 ||    33
Dodge: Dodged            |   100 |     8 ||   108
